 Dungeon Crawl Stone Soup version 0.29-a0-384-g6960b1960d (webtiles) character file.

Game seed: 1723859181108716596

35387 happo123 the Brawler (level 13, -2/186 HPs)
             Began as a Troll Berserker on May 7, 2022.
             Was a High Priest of Trog.
             Killed by divine providence
             ... invoked by a meliai
              (8 damage)
             ... on level 3 of the Lair of Beasts.
             The game lasted 01:15:00 (12504 turns).

happo123 the Brawler (Troll Berserker)             Turns: 12504, Time: 01:15:00

Health: -2/186     AC: 11    Str: 38    XL:     13   Next: 47%
Magic:  0/12       EV: 12    Int:  3    God:    Trog [*****.]
Gold:   1101       SH:  0    Dex:  9    Spells: 12/12 levels left

rFire   . . .      SeeInvis .     - Unarmed
rCold   . . .      Faith    .   (no shield)
rNeg    . . .      Spirit   +   X - +2 robe {Will+}
rPois   .          Reflect  .   (helmet restricted)
rElec   .          Harm     .   N - +0 cloak
rCorr   .          Rampage  .   (gloves unavailable)
Will    +....                   (boots unavailable)
Stlth   ..........              n - amulet of guardian spirit
HPRegen 1.21/turn               b - +6 ring of strength
MPRegen 0.13/turn               D - +4 ring of protection

@: berserking, lethally poisoned (-2 -> -6), very quick
A: large, unfitting armour, claws 3, regeneration 1, shaggy fur 1, tough skin 1
a: Renounce Religion, Berserk, Trog's Hand, Brothers in Arms


You were on level 3 of the Lair of Beasts.
You worshipped Trog.
Trog was extremely pleased with you.
You visited 2 branches of the dungeon, and saw 16 of its levels.

You collected 1101 gold pieces.

Inventory:

Hand Weapons
 u - the +8 hand axe "Ukusm" {venom, rCorr Dex+4}
   (You found it on level 7 of the Dungeon)

   It poisons the flesh of those it strikes.
   Dex:       It affects your dexterity (+4).
   rCorr:     It protects you from acid and corrosion.
Missiles
 M - a throwing net (quivered)
Armour
 g - a scarf of resistance
 N - a +0 cloak (worn)
 X - a +2 robe of willpower (worn)
Jewellery
 a - a ring of protection from fire
 b - a +6 ring of strength (left claw)
 c - a ring of willpower
 f - a ring of ice
 n - an amulet of guardian spirit (around neck)
 y - an amulet of faith
 D - a +4 ring of protection (right claw)
Wands
 G - a wand of iceblast (27)
 K - a wand of acid (11)
 Q - a wand of mindburst (7)
 R - a wand of paralysis (3)
 S - a wand of charming (5)
Scrolls
 d - 5 scrolls of magic mapping
 k - 6 scrolls of fear
 m - a scroll of identify
 o - a scroll of acquirement {unknown}
 p - 3 scrolls of enchant weapon
 q - 5 scrolls of vulnerability
 r - 6 scrolls of teleportation
 x - 2 scrolls of torment {unknown}
 C - 2 scrolls of blinking {unknown}
 F - 2 scrolls of immolation {unknown}
 J - a scroll of noise {unknown}
 O - a scroll of poison {unknown}
 P - a scroll of enchant armour {unknown}
 V - a scroll of summoning {unknown}
 Z - a scroll of brand weapon {unknown}
Potions
 e - 12 potions of curing
 h - 3 potions of might
 i - 2 potions of heal wounds
 j - 4 potions of cancellation
 l - 2 potions of invisibility {unknown}
 s - a potion of resistance {unknown}
 t - 2 potions of berserk rage
 v - a potion of attraction {unknown}
 z - a potion of mutation {unknown}
 A - 3 potions of ambrosia {unknown}
 B - 2 potions of magic {unknown}
 E - 4 potions of flight
 H - 2 potions of brilliance {unknown}
 I - 4 potions of lignification
 L - 4 potions of haste
Miscellaneous
 w - a phantom mirror
 U - a phial of floods


   Skills:
 + Level 7.5 Fighting
 + Level 5.0 Axes
 + Level 9.1 Dodging
 + Level 4.4 Stealth
 + Level 17.0 Unarmed Combat


You had 12 spell levels left.
You didn't know any spells.
Your spell library was empty.

Dungeon Overview and Level Annotations

Branches:
Dungeon (11/15)            Temple (0/1) D:4            Lair (5/6) D:11
  Swamp (0/4) Lair:4       Spider (0/4) Lair:3        Slime (0/5) Lair:5
    Orc: D:9-12

Altars:
Kikubaaqudgha
Nemelex Xobeh
Okawaru
Trog
Xom
Jiyva

Shops:
D:8 [

Annotations:
Lair:5 2 transporters, exclusion: ice statue, OTABOTABOTAB's ghost, journeyman DECj


Innate Abilities, Weirdness & Mutations

You are too large for most types of armour.
You have claws for hands.
Your natural rate of healing is unusually fast.
You are covered in fur. (AC +1)
You have tough skin. (AC +1)


Message History

* * * LOW HITPOINT WARNING * * *
The meliai stings you!
* * * LOW HITPOINT WARNING * * *
You are poisoned.
The meliai poisons you!
You mangle the meliai!!
The meliai is almost dead.
You feel very sick. The meliai hits you with a +0 war axe!!
* * * LOW HITPOINT WARNING * * *
The meliai misses you.
You mangle the meliai!!
You kill the meliai!
Trog accepts your kill.
You feel sick.
The queen bee calls on the killer bee to defend it!
The killer bee goes berserk!
You closely miss the killer bee.
You feel sick.
The wolf pauses to sniff the ground.
The killer bee stings you but does no damage.
You mangle the killer bee!!
You kill the killer bee!
Trog accepts your kill.
You feel sick.
The killer bee rages.
The queen bee calls on the killer bee to defend it!
The killer bee goes berserk!
The queen bee calls on the killer bee to defend it!
The killer bee goes berserk!
You mangle the meliai!! Your claw misses the meliai.
The meliai is almost dead.
You feel sick. The meliai hits you with a +0 war axe.
* * * LOW HITPOINT WARNING * * *
The meliai stings you but does no damage.
You closely miss the meliai. Your claw misses the meliai.
The meliai is almost dead.
You feel sick.
The meliai invokes the aid of its god against you.
Something smites you!
You die...

.#....###.....## ...#...........
#..#...#.####### .#..##.≈.......
#..............## ....##.........
#....#..#.###.#.##....######.....
###.##.#......(#....# #..###
###.#(#######(#..# ≈.#..#.
#...##. kh##...# ...#<... #.#.#
#..y#Y#.#.# #..#...# #.#.#
...yyyy@#.# #...##.# #.#.#
#!.y#y#.#.# #... ... #...##()
.y##...# #........
##..#?#######(#.### #..#......
#...†#......[#.##.########.....
#....##.#.###.#..#....# ###.....
#.... ##..............# ...... ..
#..P. #######.#...≈..##.#....
.#... ..###...†#......#


You could see a death yak, a queen bee, a rime drake, 2 meliai, a wolf and 5
killer bees.

Vanquished Creatures
  2 hydras
  3 two-headed ogres
  Nergalle (Lair:4)
  A lindwurm (Lair:3)
  An oklob plant (Lair:5)
  5 black mambas
  3 elephants (Lair:3)
  Joseph (D:7)
  7 cane toads
  A torpor snail (Lair:5)
  10 komodo dragons
  2 kobold demonologists (D:11)
  4 rime drakes
  A meliai (Lair:3)
  A polar bear (Lair:4)
  12 blink frogs
  5 dream sheep
  2 shadows
  53 yaks
  7 wyverns
  Eustachio (D:5)
  A wraith (D:9)
  2 steam dragons
  7 basilisks
  A redback (Lair:3)
  Duvessa (D:7)
  7 water moccasins
  2 black bears
  3 orc warriors
  A sky beast (D:7)
  3 ice beasts
  An ogre (D:4)
  3 centaurs
  4 wolves (Lair:5)
  3 phantoms
  7 kobold brigands
  A necrophage (D:8)
  2 gnoll sergeants
  22 bullfrogs
  A scorpion (D:6)
  11 wights
  Dowan (D:7)
  24 killer bees
  3 howler monkeys
  An electric eel (Lair:4)
  6 hounds
  A jelly (D:5)
  2 orc priests
  3 iguanas (D:5)
  4 orc wizards
  5 adders
  7 gnolls
  A river rat (Lair:3)
  A white imp (D:7)
  A dart slug (D:4)
  33 orcs
  6 ball pythons
  6 bats
  6 endoplasms
  6 giant cockroaches
  6 goblins
  4 hobgoblins
  3 jackals (D:2)
  33 kobolds
  2 quokkas (D:4)
  7 frilled lizards
  2 rats
380 creatures vanquished.

Vanquished Creatures (collateral kills)
  A hydra (Lair:1)
1 creature vanquished.

Vanquished Creatures (others)
  A gnoll (D:6)
  9 fungi
  18 plants
28 creatures vanquished.

Grand Total: 409 creatures vanquished

Notes
Turn   | Place    | Note
-------+----------+-------------------------------------------
     0 | D:1      | happo123 the Troll Berserker began the quest for the Orb.
     0 | D:1      | Reached XP level 1. HP: 22/22 MP: 0/0
   267 | D:1      | Reached XP level 2. HP: 29/29 MP: 1/1
   722 | D:2      | Reached XP level 3. HP: 33/37 MP: 2/2
   759 | D:2      | Reached ** piety under Trog
   864 | D:2      | Found a sparkling altar of Nemelex Xobeh.
  1608 | D:3      | Reached XP level 4. HP: 37/45 MP: 3/3
  1971 | D:4      | Reached skill level 4 in Unarmed Combat
  1998 | D:4      | Noticed a phantom
  2002 | D:4      | Killed a phantom
  2003 | D:4      | Reached XP level 5. HP: 53/53 MP: 4/4
  2037 | D:4      | You fall into a shaft and drop 3 floors!
  2037 | D:7      | Noticed Joseph
  2060 | D:7      | Killed Joseph
  2061 | D:7      | Reached skill level 6 in Unarmed Combat
  2061 | D:7      | Reached XP level 6. HP: 32/61 MP: 2/5
  2061 | D:7      | Reached XP level 7. HP: 35/67 MP: 2/6
  2104 | D:7      | Identified the +8 hand axe "Ukusm" {venom, rCorr Dex+4}
  2124 | D:7      | Noticed Duvessa
  2124 | D:7      | Noticed Dowan
  2129 | D:7      | Killed Duvessa
  2135 | D:7      | Killed Dowan
  2141 | D:7      | Reached skill level 1 in Stealth
  2179 | D:7      | Reached skill level 7 in Unarmed Combat
  2219 | D:6      | Reached *** piety under Trog
  2257 | D:6      | Reached XP level 8. HP: 78/78 MP: 7/7
  2421 | D:6      | Reached skill level 8 in Unarmed Combat
  2602 | D:5      | Entered Level 5 of the Dungeon
  2822 | D:4      | Found a large runed translucent door.
  2823 | D:4      | Found a large runed translucent door.
  2840 | D:4      | Found an ancient bone altar of Kikubaaqudgha.
  2843 | D:4      | Found a bloodstained altar of Trog.
  2847 | D:4      | Reached skill level 5 in Dodging
  2954 | D:4      | Found a staircase to the Ecumenical Temple.
  3506 | D:5      | Noticed Eustachio
  3522 | D:5      | Killed Eustachio
  3523 | D:5      | Reached skill level 9 in Unarmed Combat
  3916 | D:7      | Reached XP level 9. HP: 65/85 MP: 6/8
  4400 | D:8      | Reached **** piety under Trog
  4411 | D:8      | Reached skill level 10 in Unarmed Combat
  4574 | D:8      | Reached skill level 11 in Unarmed Combat
  4576 | D:8      | Reached skill level 5 in Fighting
  4651 | D:8      | Reached XP level 10. HP: 96/96 MP: 6/9
  5007 | D:8      | Found Buorob's Antique Armour Boutique.
  5297 | D:9      | Reached skill level 1 in Axes
  5856 | D:9      | Noticed a two-headed ogre
  5866 | D:9      | Killed a two-headed ogre
  5867 | D:9      | Reached skill level 12 in Unarmed Combat
  6061 | D:10     | Entered Level 10 of the Dungeon
  6546 | D:10     | Reached XP level 11. HP: 103/105 MP: 8/10
  6710 | D:10     | Found a shimmering altar of Xom.
  7024 | D:10     | Found an iron altar of Okawaru.
  7337 | D:11     | Noticed a two-headed ogre
  7346 | D:11     | Killed a two-headed ogre
  7347 | D:11     | Reached skill level 13 in Unarmed Combat
  7447 | D:11     | Found a staircase to the Lair.
  7505 | D:11     | Reached ***** piety under Trog
  7718 | D:11     | Noticed a two-headed ogre
  7725 | D:11     | Killed a two-headed ogre
  7916 | Lair:1   | Entered Level 1 of the Lair of Beasts
  7926 | Lair:1   | Noticed a seven-headed hydra
  7940 | D:11     | Killed a ten-headed hydra
  8155 | Lair:1   | Reached skill level 14 in Unarmed Combat
  8252 | Lair:1   | Reached XP level 12. HP: 114/115 MP: 11/11
  8777 | Lair:1   | Noticed a seven-headed hydra
  8792 | Lair:1   | Killed an 11-headed hydra
  9444 | Lair:2   | Identified the +10 spear of Fixation {flame, *Noise rCorr
                  | Dex+8}
  9610 | Lair:2   | Reached skill level 15 in Unarmed Combat
 10205 | Lair:3   | You fall into a shaft and drop 2 floors!
 10609 | Lair:5   | Noticed a six-headed hydra
 10621 | Lair:5   | Killed a 12-headed hydra
 10886 | Lair:5   | Reached skill level 16 in Unarmed Combat
 10968 | Lair:5   | Noticed a boulder beetle
 10971 | Lair:5   | Found a transporter.
 10974 | Lair:5   | Noticed an eight-headed hydra
 10991 | Lair:5   | Found a transporter.
 10994 | Lair:5   | Noticed OTABOTABOTAB's ghost (journeyman DECj)
 11029 | Lair:5   | Found a viscous altar of Jiyva.
 11029 | Lair:5   | Found a staircase to the Slime Pits.
 11110 | Lair:4   | Noticed Nergalle
 11120 | Lair:4   | Killed Nergalle
 11121 | Lair:4   | Reached XP level 13. HP: 124/124 MP: 12/12
 11208 | Lair:4   | Identified the +6 chain mail of the Trombone {Str+6 Int-3}
 11429 | Lair:4   | Found a staircase to the Swamp.
 11739 | Lair:4   | Received a gift from Trog
 12114 | Lair:3   | Found a hole to the Spider Nest.
 12437 | Lair:3   | Reached skill level 17 in Unarmed Combat
 12446 | Lair:3   | Reached skill level 5 in Axes
 12503 | Lair:3   | HP: 9/186 [poisoned by a meliai]
 12504 | Lair:3   | Killed from afar by a meliai

Illustrated notes

Levels and vault maps discovered:
D:1:      saegor_arrival_miasma, layout_basic
D:2:      layout_basic, basic_altar
D:3:      layout_rooms
D:4:      layout_loops_ring, jmf_multi_god_temple2,
          minmay_temple_entry_gardened_gates
D:5:      layout_cave_pools, chequers_hall_statues_wall_a,
          chequers_decorated_corner, eino_tiny_chamber, uniq_eustachio
D:6:      layout_basic
D:7:      layout_rooms, uniq_joseph, uniq_duvessa
D:8:      layout_loops_ring, serial_shops, kennysheep_mini, minmay_bent
D:9:      layout_gridville
D:10:     layout_gridville, marbit_many_paths, mainiacjoe_overflow_alcove_4
D:11:     layout_gridville, david_lair_shrubbed
Lair:1:   layout_cave_pods, serial_bayou_shore_b, grunt_megastairs_4
Lair:2:   layout_cave_pods
Lair:3:   regret_index_tunnel_blossom, layout_cave_shapes,
          spider_nest_entry_rubble, chequers_serial_rivers_micro_b,
          hangedman_lair_generics_rect
Lair:4:   layout_gridlike, swamp_mist, kennysheep_basilisk_garden,
          serial_bayou_shore_b, grunt_megastairs_1, infiniplex_staircase_pool,
          uniq_nergalle
Lair:5:   layout_gridlike, dpeg_slime_entry_enclosed_altar, nzn_ghost_randoct,
          lemuel_fruit_tree

Skill      XL: |  1  2  3  4  5  6  7  8  9 10 11 12 13 |
---------------+----------------------------------------+-----
Fighting       | 3 4 5 6 7 |  7.5
Dodging        | 3 4 5 6 7 8 9 |  9.1
Unarmed Combat | 4 6 7 9 11 12 14 16 17 | 17.0
Stealth        | 1 2 3 4 |  4.4
Axes           | 4 5 |  5.0

Action                   |  1- 3 |  4- 6 |  7- 9 | 10-12 | 13-15 || total
-------------------------+-------+-------+-------+-------+-------++-------
Melee: Unarmed           |   119 |    54 |   223 |   450 |   155 ||  1001
       Punch             |     1 |     1 |     8 |    27 |     8 ||    45
       Hand axe          |       |       |       |    23 |    15 ||    38
Invok: Berserk           |     1 |     2 |     3 |     7 |     3 ||    16
       Trog's Hand       |       |     1 |     3 |     1 |       ||     5
       Brothers in Arms  |       |       |       |     1 |       ||     1
  Use: Scroll            |       |     1 |       |    11 |     2 ||    14
       Potion            |       |       |       |     2 |     2 ||     4
 Stab: Sleeping          |       |       |     3 |     6 |     3 ||    12
       Distracted        |       |       |       |     1 |     1 ||     2
Armor: Animal skin       |    45 |    20 |    59 |   132 |       ||   256
       Robe              |       |       |       |       |    73 ||    73
Dodge: Dodged            |    74 |    30 |   111 |   228 |   103 ||   546

Table legend: (Time is in decaauts)
 A = Elapsed time spent in this place.
 B = Non-inter-level travel time spent in this place.
 C = Inter-level travel time spent in this place.
 D = Time resting spent in this place.
 E = Time spent auto-exploring this place.
 F = Levels seen in this place.
 G = Mean time per level.
                   A        B        C        D        E       F      G
               +--------+--------+--------+--------+--------+-----+--------+
         Total |  12431 |   9032 |   3399 |    657 |   5876 |  16 |  776.9 |
       Dungeon |   7961 |   6338 |   1623 |    358 |   4454 |  11 |  723.7 |
          Lair |   4470 |   2694 |   1776 |    298 |   1422 |   5 |  894.0 |
               +--------+--------+--------+--------+--------+-----+--------+

Top non-repeatable levels by time:
    D:10: 1124 daAuts
  Lair:1: 1057 daAuts
  Lair:2: 964 daAuts
     D:8: 895 daAuts
     D:2: 880 daAuts
     D:9: 879 daAuts
  Lair:5: 864 daAuts
  Lair:3: 813 daAuts
    D:11: 778 daAuts
  Lair:4: 770 daAuts
     D:1: 702 daAuts
     D:4: 660 daAuts
     D:6: 630 daAuts
     D:7: 534 daAuts
     D:5: 529 daAuts
